 Dungeon Crawl Stone Soup version 0.23-a0-516-g0f8c245 (webtiles) character file.

86 pmoppi the Ruffian (level 4, 0/40 HPs)
             Began as a Ghoul Monk on Dec 5, 2018.
             Slain by an adder (2 damage)
             ... on level 2 of the Dungeon.
             The game lasted 00:02:50 (2360 turns).

pmoppi the Ruffian (Ghoul Monk)                     Turns: 2360, Time: 00:02:51

Health: 0/40       AC:  2    Str: 14    XL:     4   Next: 49%
Magic:  3/3        EV: 13    Int:  6    God:
Gold:   188        SH:  0    Dex: 11    Spells: 3/3 levels left

rFire    . . .     SeeInvis .     - Unarmed
rCold    + . .     Gourm    .   (no shield)
rNeg     + + +     Faith    .   a - +0 robe
rPois    ∞         Spirit   .   (no helmet)
rElec    .         Reflect  .   (no cloak)
rCorr    .         Harm     .   (no gloves)
MR       .....                  (no boots)
Stlth    ++........             (no amulet)
HPRegen  0.00/turn              (no ring)
MPRegen  0.08/turn              (no ring)

@: rotting
A: rotting body, claws 1, carnivore, cold resistance 1, negative energy
resistance 3, inhibited regeneration, torment resistance, unbreathing
a: no special abilities


You were on level 2 of the Dungeon.
You were not hungry.

You visited 1 branch of the dungeon, and saw 3 of its levels.

You collected 188 gold pieces.

Inventory:

Armour
 a - a +0 robe (worn)
Scrolls
 e - 4 scrolls of identify {unknown}
 f - 2 scrolls of teleportation {unknown}
 g - a scroll of fear {unknown}
 i - a scroll of enchant armour {unknown}
 j - a scroll of enchant weapon {unknown}
Potions
 c - 2 potions of agility {unknown}
 d - a potion of curing {unknown}
 h - a potion of cancellation {unknown}
 k - a potion of heal wounds {unknown}
 m - a potion of haste {unknown}
Comestibles
 b - 6 rations


   Skills:
 + Level 3.8 Fighting
 + Level 1.3 Armour
 + Level 3.2 Dodging
 - Level 2.1 Stealth
 * Level 4.3 Unarmed Combat


You had 3 spell levels left.
You didn't know any spells.
Your spell library was empty.

Dungeon Overview and Level Annotations

Branches:
Dungeon (3/15)

Altars:


Innate Abilities, Weirdness & Mutations

Your body is rotting away.
You thrive on raw meat.
You are immune to poison.
You have sharp fingernails.
You are carnivorous and can eat meat at any time.
Your flesh is cold resistant. (rC+)
You are immune to negative energy. (rN+++)
You do not regenerate when monsters are visible.
You are immune to unholy pain and torment.
You can survive without breathing.


Message History

The adder completely misses you.
You miss the adder.
The adder is heavily wounded.
The adder bites you.
* * * LOW HITPOINT WARNING * * *
You miss the adder.
The adder is heavily wounded.
The adder bites you but does no damage.
You closely miss the adder.
The adder is heavily wounded.
The adder barely misses you. The adder bites you.
* * * LOW HITPOINT WARNING * * *
You barely miss the adder.
The adder is heavily wounded.
The adder bites you but does no damage.
Okay, then.
You scratch the adder.
The adder is severely wounded.
The adder bites you.
You die...

÷..............##.#
...............##.#
..#............##.#
#.####.........##.# ..#
#.........##.#
######.........##.#
.....(#.....#...#.#
#####.#######.#S#.#
........(.......@.#
#####.#########...#
......# #....#...#
##########........#######
#####......<#.##........#
....#.#####........####.#
....#.#...........## #.#
....'.#.###..####.# #.#
....###.#.......#.# #.#


You could see an adder.

Vanquished Creatures
  An adder (D:2)
  An ooze (D:1)
  A worm (D:2)
  7 dart slugs
  12 bats
  3 giant cockroaches
  4 goblins
  8 hobgoblins
  3 jackals (D:1)
  5 kobolds
  A ball python (D:1)
  4 frilled lizards
  3 rats
53 creatures vanquished.

Notes
Turn   | Place    | Note
-------+----------+-------------------------------------------
     0 | D:1      | pmoppi the Ghoul Monk began the quest for the Orb.
     0 | D:1      | Reached XP level 1. HP: 19/19 MP: 0/0
   206 | D:1      | Reached XP level 2. HP: 4/26 MP: 1/1
   835 | D:1      | Reached XP level 3. HP: 25/31 MP: 2/2
   974 | D:1      | Reached skill level 1 in Armour
  1029 | D:1      | Reached skill level 4 in Unarmed Combat
  1326 | D:2      | Reached XP level 4. HP: 29/40 MP: 3/3
  2358 | D:2      | HP: 2/40 [adder (4)]
  2360 | D:2      | Slain by an adder

Vault maps used:
D:1:      dpeg_arrival_boxes_within_box
D:3:      kennysheep_slugbush, tso_oasis_becter, chequers_serial_rivers_small_3,
          kennysheep_nub

Skill      XL: |  1  2  3 |
---------------+----------+-----
Dodging        | 3 |  3.2
Armour         | 1 |  1.3
Unarmed Combat | 4 |  4.3
Fighting       | |  3.8
Stealth        | |  2.1

Action                   |  1- 3 |  4- 6 || total
-------------------------+-------+-------++-------
Melee: Unarmed           |    99 |    66 ||   165
       Punch             |     2 |     1 ||     3
 Stab: Sleeping          |     3 |     3 ||     6
  Eat: Chunk             |     3 |     3 ||     6
Armor: Robe              |    19 |    11 ||    30
Dodge: Dodged            |    55 |    47 ||   102

Table legend:
 A = Non-vault XP
 B = Vault XP
 C = Vault XP percentage of total XP
 D = Non-vault monster count
 E = Vault monster count
 F = Vault count percentage of total count
                 A         B        C        D         E       F
            +---------+---------+-------+---------+---------+-------
      Total |     107 |      16 |  13.0 |      49 |       4 |   7.5
            +---------+---------+-------+---------+---------+-------
        D:1 |      57 |       0 |   0.0 |      28 |       0 |   0.0
        D:2 |      47 |       0 |   0.0 |      19 |       0 |   0.0
        D:3 |       3 |      16 |  84.2 |       2 |       4 |  66.7
            +---------+---------+-------+---------+---------+-------
